AoeStats
← Dracarys

Marketplace

506465400Analyzed
1v1 RM · 20d ago on Sep 13, 2026· 53m 28s· 2 players
Game mode
Random Map
Map size
Tiny (2 player)
Population
200
Speed
Normal
Resources
Standard
Victory
Conquest
Starting age
Dark Age
Ending age
Imperial Age
RankedLock teamsTeams togetherTeam positionsShared explorationLock speedFull tech treeHidden civsTurbo modeCheats
Victory
Defeat
🇵🇪 Chinese · Peru
1395
+17
🇭🇰 Spanish · Hong Kong SAR China
1415
-17
Dracarys
0:27 Loom
8:48 Feudal Age
9:23 Double-Bit Axe
13:16 Fletching
14:48 Horse Collar
22:10 Scale Barding Armor
26:47 Castle Age
25:30 Bloodlines
25:32 Forging
25:54 Stone Mining
25:56 Gold Mining
28:08 Bow Saw
28:35 Wheelbarrow
28:14 Husbandry
29:23 Iron Casting
28:10 Light Cavalry
30:55 Chain Barding Armor
30:32 Bodkin Arrow
30:41 Town Watch
33:44 Imperial Age
32:24 Stone Shaft Mining
33:28 Ballistics
33:25 Padded Archer Armor
34:39 Bracer
36:32 Leather Archer Armor
37:17 Conscription
39:16 Two-Man Saw
39:47 Chain Barding Armor
40:33 Gold Shaft Mining
41:13 Blast Furnace
43:03 Plate Barding Armor
43:34 Great Wall
43:07 Cavalier
44:20 Ring Archer Armor
44:30 Masonry
48:25 Thumb Ring
49:02 Hand Cart
52:44 Town Patrol
文風
12:54 Feudal Age
15:36 Loom
18:24 Castle Age
20:08 Fletching
20:53 Bodkin Arrow
22:17 Double-Bit Axe
22:19 Horse Collar
24:36 Bow Saw
27:52 Wheelbarrow
32:40 Padded Archer Armor
34:07 Heavy Plow
38:04 Imperial Age
36:18 Leather Archer Armor
36:28 Ballistics
36:59 Squires
36:20 Pikeman
36:45 Elite Skirmisher
39:59 Chemistry
39:41 Ring Archer Armor
39:11 Bracer
40:59 Scale Mail Armor
41:10 Forging
41:06 Bracer
41:30 Scale Mail Armor
41:40 Forging
42:41 Halberdier
44:08 Chain Mail Armor
44:29 Iron Casting
45:32 Plate Mail Armor
47:04 Blast Furnace
47:00 Scale Barding Armor
52:18 Husbandry
51:39 Light Cavalry
Connection lost

Rejoining the realm…

Still unreachable

The connection could not be restored.

Session expired

The server has moved on; the page needs a fresh start.